 Dungeon Crawl Stone Soup version 0.29.1-12-g30fa7ad0bf (webtiles) character file.

Game seed: 11652564689788660225

162 hawla the Chiller (level 6, 0/45 HPs)
             Began as a Meteoran Ice Elementalist on Jan 9, 2023.
             Succumbed to an adder's poison
             ... on level 4 of the Dungeon.
             The game lasted 00:04:05 (400 turns).

hawla the Chiller (Meteoran Ice Elementalist)        Turns: 400, Time: 00:04:06

Health: 0/45       AC:  2    Str:  6 (9)  XL:     6   Next: 2%
Magic:  3/13       EV: 12    Int: 16 (19) God:
Gold:   66         SH:  0    Dex: 13 (15) Spells: 6/14 levels left

rFire   . . .      SeeInvis .   (no weapon)
rCold   . . .      Faith    .   (no shield)
rNeg    . . .      Spirit   .   a - +0 robe
rPois   .          Reflect  .   (no helmet)
rElec   .          Harm     .   (no cloak)
rCorr   .          Rampage  .   (no gloves)
Will    .....                   (no boots)
Stlth   +.........              (no amulet)
HPRegen 0.15/turn               (no ring)
MPRegen 0.13/turn               (no ring)

@: lethally poisoned (0 -> -17), glowing
A: sense surroundings 1, otherworldly, glowing, explore regen
a: no special abilities


You were on level 4 of the Dungeon.
You visited 1 branch of the dungeon, and saw 4 of its levels.

You collected 66 gold pieces.

Inventory:

Armour
 a - a +0 robe (worn)
Jewellery
 e - a +4 ring of evasion
Potions
 b - a potion of magic


   Skills:
 - Level 0.3 Fighting
 - Level 2.7 Dodging
 - Level 1.4 Stealth
 - Level 4.5 Spellcasting
 + Level 1.8 Conjurations
 - Level 5.8 Ice Magic


You had 6 spell levels left.
You knew the following spells:

 Your Spells              Type           Power      Damage    Failure   Level
a - Freeze                Ice            88%        1d10      1%          1
b - Frozen Ramparts       Ice            44%        1d7       4%          3
c - Hailstorm             Conj/Ice       15%        3d5       32%         4

Your spell library contained the following spells:

 Spells                   Type           Power      Damage    Failure   Level
 Ozocubu's Armour         Ice            22%        N/A       4%          3


Dungeon Overview and Level Annotations

Branches:
Dungeon (4/15) Zot: 2000
 Temple: D:4-7

Altars:


Innate Abilities, Weirdness & Mutations

You passively map a small area around you.
You are easily found by Zot.
You glow in the dark.
You regain HP and MP as you explore.


Message History

As you read the scroll labelled UKLO HYAPHODA, it crumbles to dust.
The scroll dissolves into smoke.
It was a scroll of fog.
The frozen ramparts melt away.
* * * LOW HITPOINT WARNING * * *
You feel extremely sick.
The gnoll hits you from afar with a +3 halberd of venom.
* * * LOW HITPOINT WARNING * * *
It was a potion of curing.
You feel better. The gnoll barely misses you.
An adder comes into view.
Your magical contamination has completely faded away.
Casting: Hailstorm (quite dangerous; 26% risk of failure)
Confirm with . or Enter, or press ? or * to list all spells.
The spell is quite dangerous to miscast (26% risk of failure)!
Continue anyway?
Casting: Hailstorm (quite dangerous; 26% risk of failure)
Press: ? - help, Dir - look around, f - activate A cannonade of hail descends around you!
The hail pelts the adder!
The adder is severely wounded.
The hail pelts the gnoll.
The gnoll is severely wounded.
The gnoll misses you.
As you read the scroll labelled USMYST HAKI, it crumbles to dust.
You feel aware of your surroundings.
You sensed 2 altars.
It was a scroll of magic mapping.
The adder bites you.
The gnoll hits you from afar with a +3 halberd of venom!
* * * LOW HITPOINT WARNING * * *
You are lethally poisoned!
It was a potion of degeneration.
There was something very wrong with that liquid.
You feel weakened.
You feel dopey.
You feel clumsy.
* * * LOW HITPOINT WARNING * * *
You feel very sick. The adder bites you.
* * * LOW HITPOINT WARNING * * *
You are more poisoned.
The adder poisons you!
The gnoll throws a throwing net.
The throwing net completely misses you.
The throwing net hits the adder.
The adder is caught in the net!
The gnoll barely misses you.
The adder struggles against the net.
You die...

##§#### ##<....###.**,,,,,,,*,
..§§§§### ##..........****,,**,,,
##§##§§§###.........##* **,,,,,,,
#.,*###§§##...†.....# ***,,,,****
.,** ##§§..........###,,,,,,,*
,,***######...........,,*,,,,,*
,,,,.........g......####*,,,,,*
,,**####....Kg..........,,,,,,*
,,,,,....##.....@.......,,,,,,*
,,***##..............#.#*,,,,,***
,,,,,...###....S.......#*,,,,,,,,
,,,,...,* #.............,,,***,,,
,,,,...,**##.......#..##**,,**,,,
,,,,,,,,,**#......##.## *,,,****
,,,,,,,,,**....####*,# *,*,,,,,
,,,,,,,,,*......****,*****,*****,
,***,**,,#.#...,,*,,,,,,,,,* ***,


You could see 2 gnolls, an adder (caught) and a kobold.

Vanquished Creatures
  A black bear (D:3)
  An orc wizard (D:3)
  2 adders
  A gnoll (D:4)
  4 bats
  2 endoplasms
  4 hobgoblins
  A kobold (D:3)
  A quokka (D:4)
  4 ball pythons
  A frilled lizard (D:3)
  2 goblins
  A rat (D:3)
25 creatures vanquished.

Notes
Turn   | Place    | Note
-------+----------+-------------------------------------------
     0 | D:1      | hawla the Meteoran Ice Elementalist began the quest for the
                  | Orb.
     0 | D:1      | Reached XP level 1. HP: 14/14 MP: 5/5
     1 | D:1      | Noticed an electric eel
    52 | D:1      | Reached XP level 2. HP: 20/20 MP: 2/6
   197 | D:3      | Reached XP level 3. HP: 23/26 MP: 3/8
   210 | D:3      | Reached skill level 5 in Ice Magic
   210 | D:3      | Reached XP level 4. HP: 6/33 MP: 3/10
   214 | D:3      | Learned a level 3 spell: Frozen Ramparts
   283 | D:3      | Noticed a black bear
   288 | D:3      | Killed a black bear
   289 | D:3      | Reached XP level 5. HP: 25/38 MP: 6/12
   310 | D:3      | Learned a level 4 spell: Hailstorm
   363 | D:4      | Reached skill level 1 in Conjurations
   381 | D:4      | Reached XP level 6. HP: 36/45 MP: 4/13
   400 | D:4      | Succumbed to an adder's poison

Illustrated notes

Levels and vault maps discovered:
D:1:      arrival_aquarium_a, layout_loops_ring, basic_ecumenical_altar,
          serial_bayou_pond_e, amcnicky_mini_pool_small, nicolae_hexahallways,
          minmay_misc_feat_enclosed, st_stairs_10
D:2:      layout_basic
D:3:      layout_loops_ring
D:4:      layout_rooms, nicolae_overflow_hidden_temple, due_unseen_surprise

Skill      XL: |  1  2  3  4  5 |
---------------+----------------+-----
Spellcasting   | 3 4 |  4.5
Ice Magic      | 5 |  5.8
Conjurations   | 1 |  1.8
Fighting       | |  0.3
Dodging        | |  2.7
Stealth        | |  1.4

Action                   |  1- 3 |  4- 6 || total
-------------------------+-------+-------++-------
Melee: Unarmed           |     1 |     1 ||     2
 Cast: Freeze            |    28 |     6 ||    34
       Frozen Ramparts   |       |     7 ||     7
       Hailstorm         |       |     1 ||     1
  Use: Scroll            |       |     2 ||     2
       Potion            |       |     2 ||     2
Armor: Robe              |     4 |     3 ||     7
Dodge: Dodged            |    15 |    10 ||    25
